 Dungeon Crawl Stone Soup version 0.27.1-34-g3ba077fa99 (webtiles) character file.

Game seed: 8897337334884603570

21 cbfl8 the Sneak (level 2, -5/27 HPs)
             Began as a Minotaur Delver on Jan 16, 2022.
             Slain by a gnoll (6 damage)
             ... on level 5 of the Dungeon.
             The game lasted 00:00:19 (153 turns).

cbfl8 the Sneak (Minotaur Delver)                    Turns: 153, Time: 00:00:20

Health: -5/27      AC:  3    Str: 16    XL:     2   Next: 65%
Magic:  1/1        EV: 12    Int:  7    God:
Gold:   0          SH:  0    Dex: 11    Spells: 1/1 levels left

rFire    . . .     SeeInvis .   a - +0 hand axe
rCold    . . .     Faith    .   (no shield)
rNeg     . . .     Spirit   .   b - +0 leather armour
rPois    .         Reflect  .   (helmet restricted)
rElec    .         Harm     .   (no cloak)
rCorr    .         Rampage  .   (no gloves)
Will     .....                  (no boots)
Stlth    ++........             (no amulet)
HPRegen  0.09/turn              (no ring)
MPRegen  0.07/turn              (no ring)

@: very slightly contaminated, invisible
A: horns 2, retaliatory headbutt
a: no special abilities


You were on level 5 of the Dungeon.
You visited 1 branch of the dungeon, and saw 1 of its levels.

Inventory:

Hand Weapons
 a - a +0 hand axe (weapon)
Armour
 b - a +0 leather armour (worn)
Wands
 g - a wand of digging (3)
Scrolls
 c - a scroll of fog
 d - a scroll of magic mapping
 e - a scroll of fear
Potions
 f - a potion of haste


   Skills:
 + Level 3.8 Fighting
 + Level 2.5 Axes
 + Level 2.3 Dodging
 + Level 4.6 Stealth


You had one spell level left.
You didn't know any spells.
Your spell library was empty.

Dungeon Overview and Level Annotations

Branches:
Dungeon (5/15)
 Temple: D:4-7

Altars:


Innate Abilities, Weirdness & Mutations

You have a pair of horns on your head.
You reflexively headbutt those who attack you in melee.


Message History

A gnoll comes into view. It is wielding a +0 club.
The shadow imp gestures at you.
You barely resist. You barely miss the shadow imp.
Your headbutt misses the shadow imp. The shadow imp barely misses you.
You hit the shadow imp.
The shadow imp is heavily wounded.
The shadow imp hits you.
You closely miss the shadow imp.
The shadow imp is heavily wounded.
The shadow imp hits you.
You hit the shadow imp but do no damage.
Your headbutt misses the shadow imp.
The shadow imp is heavily wounded.
The shadow imp completely misses you. You furiously retaliate!
You headbutt the shadow imp, but do no damage.
The shadow imp hits you.
You hit the shadow imp.
The shadow imp is severely wounded.
The shadow imp gestures at you. Pain shoots through your body!
Ouch! That really hurt!
* * * LOW HITPOINT WARNING * * *
You closely miss the shadow imp.
The shadow imp is severely wounded.
The shadow imp misses you. You furiously retaliate!
You headbutt the shadow imp, but do no damage.
Unknown command.
You slash the shadow imp!
You kill the shadow imp!
You barely miss the gnoll. The gnoll hits you with a +0 club.
* * * LOW HITPOINT WARNING * * *
Unknown command.
The gnoll barely misses you. You furiously retaliate!
You headbutt the gnoll!
It was a potion of invisibility.
You fade into invisibility!
The gnoll closely misses you.
You are very lightly contaminated with residual magic.
The gnoll hits you with a +0 club.
You die...

##.....#♣
##...##
##.##
.######.##
.........#
.######..#
####..####
#...g....#
#.##.@##.#
# #######


You could see a gnoll.

Vanquished Creatures
  A hound skeleton (D:5)
  A shadow imp (D:5)
2 creatures vanquished.

Vanquished Creatures (others)
  15 plants (D:5)
15 creatures vanquished.

Grand Total: 17 creatures vanquished

Notes
Turn   | Place    | Note
-------+----------+-------------------------------------------
     0 | D:5      | cbfl8 the Minotaur Delver began the quest for the Orb.
     0 | D:5      | Reached XP level 1. HP: 19/19 MP: 0/0
    39 | D:5      | Reached XP level 2. HP: 20/27 MP: 1/1
   148 | D:5      | HP: 1/27 [gnoll (5)]
   153 | D:5      | Slain by a gnoll

Illustrated notes

Levels and vault maps discovered:
D:5:      kennysheep_windowed_halls, layout_loops_ring, serial_bayou_ford_a,
          uniq_menkaure, uniq_crazy_yiuf_cottage, uniq_grinder

Action                   || total
-------------------------++-------
Melee: Hand axe          ||    12
       Headbutt          ||     1
  Use: Potion            ||     1
Armor: Leather armour    ||     3
Dodge: Dodged            ||     9
